 Dungeon Crawl Stone Soup version 0.25-a0-547-g27a0b5d (webtiles) character file.

Game seed: 12508938215856716505, levelgen mode: deterministic

37 wolfsongas the Magician (level 3, -1/28 HPs)
             Began as a Gnoll Wanderer on Feb 22, 2020.
             Was an Initiate of Ru.
             Slain by a gnoll
             ... wielding a +0 whip
              (6 damage)
             ... on level 2 of the Dungeon.
             The game lasted 00:02:01 (1269 turns).

wolfsongas the Magician (Gnoll Wanderer)            Turns: 1269, Time: 00:02:02

Health: -1/28      AC:  7    Str: 16    XL:     3   Next: 41%
Magic:  9/9        EV: 10    Int: 15    God:    Ru [......]
Gold:   93         SH:  0    Dex: 12    Spells: 11/12 levels left

rFire    . . .     SeeInvis .   a - +2 dagger
rCold    . . .     Gourm    .   (no shield)
rNeg     . . .     Faith    .   k - +1 ring mail
rPois    .         Spirit   .   (no helmet)
rElec    .         Reflect  .   (no cloak)
rCorr    .         Harm     .   (no gloves)
MR       .....                  (no boots)
Stlth    ++........             (no amulet)
HPRegen  0.09/turn              i - ring of stealth
MPRegen  0.11/turn              (no ring)

@: stab
A: distributed training, fangs 1, strong nose
a: Renounce Religion


You were on level 2 of the Dungeon.
You worshipped Ru.
Ru was noncommittal.
You were not hungry.

You visited 1 branch of the dungeon, and saw 2 of its levels.

You collected 93 gold pieces.

Inventory:

Hand Weapons
 a - a +2 dagger (weapon)
 d - a +0 spear
Missiles
 b - 3 curare-tipped darts (quivered)
 j - 7 poisoned darts
Armour
 e - a +0 robe
 k - a +1 ring mail (worn)
Jewellery
 i - a ring of stealth (left hand)
Scrolls
 l - a scroll of fog
Potions
 c - a potion of stabbing
Comestibles
 f - a ration
 h - 3 chunks of flesh


   Skills:
 + Level 2.6 Fighting
 + Level 0.7 Short Blades
 + Level 0.7 Long Blades
 + Level 0.7 Axes
 + Level 0.7 Maces & Flails
 + Level 0.7 Polearms
 + Level 0.7 Staves
 + Level 0.7 Slings
 + Level 0.7 Bows
 + Level 0.7 Crossbows
 + Level 2.6 Throwing
 + Level 4.5 Armour
 + Level 0.7 Dodging
 + Level 0.7 Stealth
 + Level 0.7 Shields
 + Level 0.7 Unarmed Combat
 + Level 5.0 Spellcasting
 + Level 0.5 Conjurations
 + Level 3.7 Hexes
 + Level 0.5 Charms
 + Level 0.5 Summonings
 + Level 0.5 Necromancy
 + Level 0.5 Translocations
 + Level 0.5 Transmutations
 + Level 2.1 Fire Magic
 + Level 0.5 Ice Magic
 + Level 0.5 Air Magic
 + Level 0.5 Earth Magic
 + Level 0.5 Poison Magic
 + Level 0.9 Invocations
 + Level 2.6 Evocations


You had 11 spell levels left.
You knew the following spells:

 Your Spells              Type           Power        Failure   Level  Hunger
a - Apportation           Tloc           #.....       24%         1    None

Your spell library contained the following spells:

 Spells                   Type           Power        Failure   Level  Hunger
 Recall                   Summ/Tloc      N/A          56%         3    ###....


Dungeon Overview and Level Annotations

Branches:
Dungeon (2/15)

Altars:
Ru
Xom
Yredelemnul


Innate Abilities, Weirdness & Mutations

Your experience applies equally to all skills.
You have very sharp teeth.
Your uncanny sense of smell can sniff out nearby items.


Message History

You hit the gnoll but do no damage.
The gnoll is moderately wounded.
The gnoll closely misses you.
You hit the gnoll. Your punch misses the gnoll.
The gnoll is heavily wounded.
The gnoll barely misses you.
You hit the gnoll but do no damage.
The gnoll is heavily wounded.
The gnoll closely misses you.
You closely miss the gnoll. Your bite misses the gnoll.
The gnoll is heavily wounded.
The gnoll hits you but does no damage.
You hit the gnoll but do no damage. Your bite misses the gnoll.
The gnoll is heavily wounded.
The gnoll hits you with a +0 whip.
* * * LOW HITPOINT WARNING * * *
You barely miss the gnoll.
The gnoll is heavily wounded.
The gnoll hits you with a +0 whip.
You die...

##...####
#..÷....+
##...####
#.....#
#.....###
#.......#
#....##.##
#.#####g)# #.
♣.@♣ #. ♣..♣
....P.P.......#
.#.....P♣......
#.#♣♣.♣♣......
.. ... ....# #
##.. ...## ##.
..# #..


You could see a gnoll.

Vanquished Creatures
  2 gnolls (D:2)
  A dart slug (D:2)
  A leopard gecko (D:1)
  A giant cockroach (D:1)
  A goblin (D:1)
  A hobgoblin (D:2)
  A ball python (D:1)
  2 bats
  3 frilled lizards
  5 rats
18 creatures vanquished.

Notes
Turn   | Place    | Note
-------+----------+-------------------------------------------
     0 | D:1      | wolfsongas the Gnoll Wanderer began the quest for the Orb.
     0 | D:1      | wolfsongas set off with the following items: a +2 dagger, 3
                  | curare-tipped darts, a +0 spear, a +0 robe, a ration; and
                  | the following spell memorised: Apportation; and the
                  | following spells available to memorise: Recall
     0 | D:1      | Reached XP level 1. HP: 17/17 MP: 6/6
   233 | D:1      | Reached XP level 2. HP: 21/23 MP: 7/7
  1036 | D:2      | Found a basalt altar of Yredelemnul.
  1036 | D:2      | Found a shimmering altar of Xom.
  1036 | D:2      | Found a sacrificial altar of Ru.
  1048 | D:2      | Became a worshipper of Ru the Awakened
  1242 | D:2      | Reached skill level 5 in Spellcasting
  1242 | D:2      | Reached XP level 3. HP: 11/28 MP: 7/9
  1269 | D:2      | Slain by a gnoll

Levels and vault maps discovered:
D:1:      minmay_arrival_checkered_box, layout_basic, serial_co_window_serial,
          co_window_paths_a, co_window_paths_a, co_window_corner_a,
          co_window_of_opportunity_a, co_window_of_opportunity_a,
          co_window_of_opportunity_b, co_window_cross_3,
          co_window_of_opportunity_c, co_window_paths_c, co_window_corner_b,
          co_window_corner_b, co_window_paths_e, glass_columns_a,
          glass_columns_a, glass_columns_b, glass_columns_a, glass_columns_b,
          chequers_avenue
D:2:      layout_loops_corners, nicolae_overflow_crystal_walls,
          nicolae_overflow_hidden_temple, gammafunk_temple_overflow_claw,
          serial_forest, infiniplex_forest_lined_3, infiniplex_forest_corner_1,
          infiniplex_forest_lined_2, infiniplex_forest_clump_curved,
          infiniplex_forest_end_2, infiniplex_forest_end_3,
          infiniplex_forest_straight_2, infiniplex_forest_lined_room_2,
          infiniplex_forest_clump_cross

Skill      XL: |  1  2 |
---------------+-------+-----
Fire Magic     | 2 |  2.1
Spellcasting   | 5 |  5.0
Fighting       | |  2.6
Short Blades   | |  0.7
Long Blades    | |  0.7
Axes           | |  0.7
Maces & Flails | |  0.7
Polearms       | |  0.7
Staves         | |  0.7
Slings         | |  0.7
Bows           | |  0.7
Crossbows      | |  0.7
Throwing       | |  2.6
Armour         | |  4.5
Dodging        | |  0.7
Stealth        | |  0.7
Shields        | |  0.7
Unarmed Combat | |  0.7
Conjurations   | |  0.5
Hexes          | |  3.7
Charms         | |  0.5
Summonings     | |  0.5
Necromancy     | |  0.5
Translocations | |  0.5
Transmutations | |  0.5
Ice Magic      | |  0.5
Air Magic      | |  0.5
Earth Magic    | |  0.5
Poison Magic   | |  0.5
Invocations    | |  0.9
Evocations     | |  2.6

Action                   || total
-------------------------++-------
Melee: Dagger            ||    84
       Bite              ||    10
  Use: Scroll            ||     4
       Potion            ||     2
 Stab: Sleeping          ||     3
  Eat: Chunk             ||     1
Armor: Robe              ||     3
       Ring mail         ||    36
Dodge: Dodged            ||    52

Table legend:
 A = Non-vault XP
 B = Vault XP
 C = Vault XP percentage of total XP
 D = Non-vault monster count
 E = Vault monster count
 F = Vault count percentage of total count
                 A         B        C        D         E       F
            +---------+---------+-------+---------+---------+-------
      Total |      54 |       0 |   0.0 |      18 |       0 |   0.0
            +---------+---------+-------+---------+---------+-------
        D:1 |      12 |       0 |   0.0 |       8 |       0 |   0.0
        D:2 |      42 |       0 |   0.0 |      10 |       0 |   0.0
            +---------+---------+-------+---------+---------+-------
